 Dungeon Crawl Stone Soup version 0.31-a0-543-geaa9c7a2c0 (webtiles) character file.

Game seed: 13415886103561297030

90 iasek the Trooper (level 4, -1/41 HPs)
             Began as a Minotaur Fighter on Aug 15, 2023.
             Slain by Grinder (5 damage)
             ... on level 3 of the Dungeon.
             The game lasted 00:03:01 (1414 turns).

iasek the Trooper (Minotaur Fighter)                Turns: 1414, Time: 00:03:02

Health: -1/41      AC:  7    Str: 22    XL:     4   Next: 32%
Magic:  3/3        EV: 10    Int:  5    God:
Gold:   227        SH:  4    Dex: 10    Spells: 3/3 levels left

rFire   . . .        a - +1 war axe
rCold   . . .        c - +0 buckler
rNeg    . . .        b - +0 scale mail
rPois   +            (helmet restricted)
rElec   .            (no cloak)
rCorr   .            (no gloves)
SInv    .            (no boots)
Will    .....        (no amulet) Stlth
                     g - ring of poison resistance
HPRegen 0.26/turn    (no ring)
MPRegen 0.08/turn

%: no passive effects
@: studying Long Blades
A: horns 2, retaliatory headbutt
a: no special abilities


You were on level 3 of the Dungeon.
You visited 1 branch of the dungeon, and saw 3 of its levels.

You collected 227 gold pieces.

Inventory:

Hand Weapons
 a - a +1 war axe (weapon)
Armour
 b - a +0 scale mail (worn)
 c - a +0 buckler (worn)
Jewellery
 g - a ring of poison resistance (left hand)
Scrolls
 i - 2 scrolls of teleportation
Potions
 d - 2 potions of might
 e - 2 potions of enlightenment
 f - a potion of curing {unknown}
 h - a potion of cancellation {unknown}
 j - a potion of degeneration {unknown}
 n - a potion of mutation {unknown}


   Skills:
 + Level 4.3 Fighting
 + Level 3.3 Axes
 + Level 4.2 Armour
 + Level 1.7 Dodging
 + Level 4.2 Shields


You had 3 spell levels left.
You didn't know any spells.
Your spell library contained the following spells:

 Spells                   Type           Power      Damage    Failure   Level
 Sting                    Tmut/Pois      0%         1d3       86%         1
 Poisonous Vapours        Pois/Air       0%         N/A       94%         2
 Olgreb's Toxic Radiance  Pois           0%         N/A       100%        4


Dungeon Overview and Level Annotations

Branches:
Dungeon (3/15)

Altars:
Wu Jian

Annotations:
D:3 Grinder


Innate Abilities, Weirdness & Mutations

You have a pair of horns on your head.
You reflexively headbutt those who attack you in melee.


Message History

Unknown command.
You open the door.
There is an open door here.
There is an open door here.
Grinder comes into view.
Grinder shouts!
Grinder gestures at you. Pain shoots through your body!
Grinder says, "Wait up."
Grinder hits you but does no damage.
You completely miss Grinder. You headbutt Grinder, but do no damage.
Grinder hits you!
You writhe in agony.
You closely miss Grinder. Grinder hits you.
You slash Grinder! Your headbutt misses Grinder.
Grinder is lightly wounded.
Grinder closely misses you. Grinder hits you but does no damage.
You hit Grinder. You headbutt Grinder.
Grinder is moderately wounded.
Grinder hits you!
You writhe in agony.
You are too injured to fight recklessly!
You are too injured to fight recklessly!
You are too injured to fight recklessly!
Unknown command.
You completely miss Grinder. You headbutt Grinder!
Grinder is severely wounded.
You block Grinder's attack. Grinder hits you.
* * * LOW HITPOINT WARNING * * *
You writhe in agony.
* * * LOW HITPOINT WARNING * * *
Unknown command.
You closely miss Grinder.
Grinder is severely wounded.
Grinder hits you but does no damage.
Unknown command.
You hit Grinder. Your headbutt misses Grinder.
Grinder is severely wounded.
Grinder hits you!
* * * LOW HITPOINT WARNING * * *
You writhe in agony.
You die...

##.[.## ##....##
#.....# ##.....#
##...####......#
##.## #..####.#
#...###+### #.#
##.##.....# #.#
#........# #.#
##.......#
#.#####
#........#
#..@5.#
##........#
#####.#
#.........# #
##.#########
...........
...######## ..##
>.# ###


You could see Grinder.

Vanquished Creatures
  An adder (D:2)
  A worm (D:2)
  3 dart slugs
  12 ball pythons
  7 endoplasms
  2 giant cockroaches
  3 goblins
  10 hobgoblins
  4 jackals (D:1)
  6 kobolds
  4 quokkas
  2 bats
  A frilled lizard (D:2)
  10 rats
66 creatures vanquished.

Notes
Turn   | Place    | Note
-------+----------+-------------------------------------------
     0 | D:1      | iasek the Minotaur Fighter began the quest for the Orb.
     0 | D:1      | Reached XP level 1. HP: 19/19 MP: 0/0
   178 | D:1      | Reached XP level 2. HP: 27/27 MP: 1/1
   314 | D:1      | Reached skill level 1 in Dodging
   514 | D:1      | Reached XP level 3. HP: 25/33 MP: 2/2
  1055 | D:2      | Reached XP level 4. HP: 37/40 MP: 3/3
  1262 | D:3      | Found an ornate altar of the Wu Jian Council.
  1405 | D:3      | Noticed Grinder
  1414 | D:3      | Slain by Grinder

Illustrated notes

Levels and vault maps discovered:
D:1:      minmay_arrival_open_corners, layout_loops_ring, chequers_avenue
D:2:      layout_rooms, minmay_tetromino_t4
D:3:      layout_basic, mainiacjoe_overflow_cross_hatched,
          nicolae_figureground_sparkle, uniq_grinder

Skill      XL: |  1  2  3 |
---------------+----------+-----
Dodging        | 1 |  1.7
Fighting       | 4 |  4.3
Armour         | 4 |  4.2
Shields        | 4 |  4.2
Axes           | 3 |  3.3

Action                     |  1- 3 |  4- 6 || total
---------------------------+-------+-------++-------
  Melee: War axe           |    84 |    32 ||   116
         Headbutt          |     8 |     5 ||    13
    Use: Scroll            |     3 |     4 ||     7
 Armour: Scale mail        |    42 |     9 ||    51
  Dodge: Dodged            |    39 |    11 ||    50
  Block: Buckler           |    16 |     4 ||    20

Table legend: (Time is in decaauts)
 A = Elapsed time spent in this place.
 B = Non-inter-level travel time spent in this place.
 C = Inter-level travel time spent in this place.
 D = Time resting spent in this place.
 E = Time spent auto-exploring this place.
 F = Levels seen in this place.
 G = Mean time per level.
                   A        B        C        D        E       F      G
               +--------+--------+--------+--------+--------+-----+--------+
         Total |   1456 |   1414 |     42 |      0 |   1044 |   3 |  485.3 |
       Dungeon |   1456 |   1414 |     42 |      0 |   1044 |   3 |  485.3 |
               +--------+--------+--------+--------+--------+-----+--------+

Top non-repeatable levels by time:
     D:1: 744 daAuts
     D:2: 409 daAuts
     D:3: 302 daAuts
